 Dungeon Crawl Stone Soup version 0.30-b1-2-g02819fbbbe (webtiles) character file.

Game seed: 7694179897674304855

1353 Borgoz the Ruffian (level 8, -17/70 HPs)
             Began as a Ghoul Gladiator on June 25, 2023.
             Was a Believer of Okawaru.
             Demolished by Grum
             ... wielding a -2 spear
              (18 damage)
             ... on level 8 of the Dungeon.
             The game lasted 00:08:54 (4416 turns).

Borgoz the Ruffian (Ghoul Gladiator)                Turns: 4416, Time: 00:08:55

Health: -17/70     AC:  8    Str: 20    XL:     8   Next: 63%
Magic:  8/8        EV: 15    Int:  3    God:    Okawaru [**....]
Gold:   246        SH:  5    Dex: 22    Spells: 7/7 levels left

rFire   . .          .
                       - Unarmed
rCold   + . .        (no shield)
rNeg    + + +        o - +3 leather armour
rPois   ∞            b - +1 helmet
rElec   .            E - scarf {repulsion}
rCorr   .            (no gloves)
SInv    .            (no boots)
Will    .....        D - amulet of reflection
Stlth   +++          q - +6 ring of dexterity
HPRegen 0.00/turn    r - +6 ring of dexterity
MPRegen 0.11/turn

%: repel missiles, reflection
@: inhibited regen
A: claws 1, cold resistance 1, negative energy resistance 3, inhibited
regeneration, torment resistance 2, devour on kill
a: Renounce Religion, Heroism


You were on level 8 of the Dungeon.
You worshipped Okawaru.
Okawaru was pleased with you.
You visited 2 branches of the dungeon, and saw 7 of its levels.
You also visited: Ossuary.

You collected 246 gold pieces.

Inventory:

Missiles
 c - a throwing net (quivered)
 d - a javelin
 y - 3 curare-tipped darts
Armour
 b - a +1 helmet (worn)
 o - a +3 leather armour (worn)
 t - a +0 ring mail
 E - a scarf of repulsion (worn)
Jewellery
 q - a +6 ring of dexterity (left claw)
 r - a +6 ring of dexterity (right claw)
 u - a ring of flight
 D - an amulet of reflection (around neck)
Wands
 h - a wand of quicksilver (12)
Scrolls
 e - a scroll of silence
 g - 2 scrolls of enchant armour
 j - a scroll of brand weapon
 n - 4 scrolls of teleportation
 p - 2 scrolls of amnesia
 s - 2 scrolls of fog
 v - 3 scrolls of enchant weapon
 z - a scroll of fear
 B - a scroll of blinking
 C - a scroll of butterflies {unknown}
Potions
 f - 4 potions of curing
 i - 2 potions of magic
 k - a potion of heal wounds {unknown}
 l - 3 potions of brilliance
 m - 2 potions of cancellation {unknown}
 x - 2 potions of mutation {unknown}


   Skills:
 * Level 5.8 Fighting
 - Level 1.7 Throwing
 + Level 2.7 Armour
 * Level 5.3 Dodging
 + Level 3.5 Stealth
 * Level 6.5 Unarmed Combat
 + Level 2.5 Invocations


You had 7 spell levels left.
You didn't know any spells.
Your spell library contained the following spells:

 Spells                   Type           Power      Damage    Failure   Level
 Apportation              Tloc           0%         N/A       56%         1
 Necrotise                Necr           0%         1d4       56%         1
 Ensorcelled Hibernation  Hex/Ice        0%         N/A       71%         2
 Vampiric Draining        Necr           0%         2d6       91%         3
 Anguish                  Hex/Necr       0%         N/A       100%        4
 Agony                    Necr           0%         N/A       100%        5
 Summon Small Mammal      Summ           Unusable   N/A       N/A         1
 Spider Form              Tmut/Pois      Unusable   N/A       N/A         3

Dungeon Overview and Level Annotations

Branches:
Dungeon (5/15)             Temple (1/1) D:4         Ossuary (visited)

Altars:
Cheibriados
Dithmenos
Gozag
Hepliaklqana
Kikubaaqudgha
Nemelex Xobeh
Okawaru
Ru
Sif Muna
Trog
Wu Jian
Xom
Yredelemnul

Shops:
D:5 *

Annotations:
D:8 Grum


Innate Abilities, Weirdness & Mutations

You are immune to poison.
You have sharp fingernails.
Your flesh is cold resistant. (rC+)
You are immune to negative energy. (rN+++)
You do not regenerate when monsters are visible.
You are immune to unholy pain and torment.
You thrive by killing the living.


Message History

Aim: a wyvern (65% to hit)
You throw a throwing net. The throwing net hits the wyvern.
The wyvern is caught in the net!
You scratch the wyvern.
The wyvern is lightly wounded.
The wyvern struggles against the net.
You scratch the wyvern but do no damage.
You claw the wyvern, but do no damage.
The wyvern is lightly wounded.
The wyvern struggles against the net.
You catch the helpless wyvern completely off-guard!
You scratch the wyvern.
The wyvern is moderately wounded.
The wyvern struggles against the net.
You catch the helpless wyvern completely off-guard!
You scratch the wyvern.
The wyvern is moderately wounded.
The wyvern struggles against the net.
The net rips apart, and the wyvern comes free!
You claw the wyvern!
The wyvern is severely wounded.
You feel yourself slow down. The wyvern bites you!
* * * LOW HITPOINT WARNING * * *
Throw: 2 throwing nets
Press: ? - help, Q - select action, (/) - cycle Shift-Dir - straight line, f/p - wyvern
Aim: a wyvern (severely wounded, 65% to hit)
You throw a throwing net. The throwing net hits the wyvern.
The wyvern is caught in the net!
The wyvern is severely wounded.
The wyvern struggles against the net.
You scratch the wyvern.
The wyvern is almost dead.
The wyvern struggles against the net. x2
You catch the helpless wyvern completely off-guard!
You claw the wyvern!
You kill the wyvern!
Okawaru is honoured by your kill.
Grum hits you from afar with a -2 spear!!
You die...

.....#~# .###...+ +...#.
......~#+#~#$#..
......~~.~~..#.#######
..##.###.#...........#
####.................#
....#####............###
..g.†...#...............
....###.##.....$@(......
......#.##..)...........
....#.#.##....g.........
....#.#.###.............
....# #...'.............
....# #####.............
....# #.............
....# ###########...
....#


You could see Grum.

Vanquished Creatures
  Sigmund (D:3)
  A wyvern (D:8)
  2 wolves (D:8)
  A phantom (D:5)
  7 scorpions (Ossuary)
  A centaur zombie (Ossuary)
  A jelly (D:3)
  A hound (D:5)
  An orc priest (D:3)
  2 human zombies (Ossuary)
  A sleepcap (D:5)
  A gnoll bouda (D:5)
  3 scorpion zombies (Ossuary)
  3 mummies (Ossuary)
  4 adders
  10 gnolls
  3 worms
  3 dart slugs (D:2)
  3 orcs
  5 ball pythons
  8 bats
  4 endoplasms
  2 giant cockroaches
  6 gnoll zombies (Ossuary)
  8 goblins
  4 hobgoblins
  2 quokkas
  5 frilled lizards
  4 goblin zombies (Ossuary)
  4 hobgoblin zombies (Ossuary)
  7 kobolds
  A kobold zombie (Ossuary)
  2 orc zombies (Ossuary)
  7 rats
118 creatures vanquished.

Vanquished Creatures (others)
  5 fungi
5 creatures vanquished.

Grand Total: 123 creatures vanquished

Notes
Turn   | Place    | Note
-------+----------+-------------------------------------------
     0 | D:1      | Borgoz the Ghoul Gladiator began the quest for the Orb.
     0 | D:1      | Reached XP level 1. HP: 17/17 MP: 0/0
   120 | D:1      | Found a faded altar of an unknown god.
   139 | D:1      | Reached XP level 2. HP: 25/25 MP: 1/1
   465 | D:1      | Reached XP level 3. HP: 25/30 MP: 2/2
   787 | D:2      | Reached skill level 4 in Unarmed Combat
   792 | D:2      | Reached XP level 4. HP: 30/38 MP: 3/3
  1380 | D:3      | Found an iron altar of Okawaru.
  1389 | D:3      | Became a worshipper of Warmaster Okawaru
  1520 | D:3      | Reached skill level 1 in Stealth
  1520 | D:3      | Reached XP level 5. HP: 28/45 MP: 4/4
  1659 | D:3      | Noticed Sigmund
  1678 | D:3      | Killed Sigmund
  1678 | D:3      | Reached * piety under Okawaru
  1679 | D:3      | Reached skill level 1 in Armour
  1679 | D:3      | Reached XP level 6. HP: 32/52 MP: 5/5
  2091 | D:3      | Reached skill level 5 in Unarmed Combat
  2301 | D:4      | Found a staircase to the Ecumenical Temple.
  2366 | D:4      | Found a snail-covered altar of Cheibriados.
  2638 | D:4      | Found a sand-covered staircase.
  2647 | Ossuary  | Entered an ossuary
  2700 | Ossuary  | Reached XP level 7. HP: 34/60 MP: 6/6
  2709 | Ossuary  | Reached skill level 1 in Invocations
  3025 | Ossuary  | Reached ** piety under Okawaru
  3039 | Ossuary  | Reached skill level 5 in Fighting
  3066 | Ossuary  | Reached XP level 8. HP: 14/68 MP: 8/8
  3314 | Ossuary  | Reached skill level 6 in Unarmed Combat
  3526 | Temple   | Entered the Ecumenical Temple
  3591 | D:5      | Entered Level 5 of the Dungeon
  3734 | D:5      | Reached skill level 5 in Dodging
  4336 | D:5      | Found Ciyjozxy's Assorted Antiques.
  4343 | D:5      | You fall into a shaft and drop 3 floors!
  4347 | D:8      | Noticed Grum
  4403 | D:8      | Noticed a wyvern
  4413 | D:8      | HP: 1/70 [wyvern (14)]
  4416 | D:8      | Killed a wyvern
  4416 | D:8      | Demolished by Grum

Illustrated notes

Levels and vault maps discovered:
D:1:      lightli_arrival_chessboard, layout_rooms, shapermc_ecumenical_altar_gd
D:2:      layout_basic
D:3:      layout_basic, mainiacjoe_overflow_boulevard, uniq_sigmund
D:4:      layout_gridville, marbit_many_paths, minmay_temple_entry_slanted,
          enter_ossuary_1
D:5:      nicolae_cairo_tiling_large, layout_loops_ring, serial_shops, shop,
          dreamdust_gnoll_farm
D:8:      layout_basic, kennysheep_mini_moat, hellmonk_lair_entry_icy,
          serial_undead, serial_undead_a, serial_undead_b, serial_undead_c,
          serial_undead_c, uniq_prince_ribbit1, uniq_grum
Temple:   nicolae_temple_ecumenical_triangle

Skill      XL: |  1  2  3  4  5  6  7  8 |
---------------+-------------------------+-----
Dodging        | 3 4 5 |  5.3
Fighting       | 3 4 5 |  5.8
Unarmed Combat | 4 5 6 |  6.5
Stealth        | 1 2 3 |  3.5
Armour         | 1 2 |  2.7
Invocations    | 1 2 |  2.5
Throwing       | |  1.7

Action                     |  1- 3 |  4- 6 |  7- 9 || total
---------------------------+-------+-------+-------++-------
  Melee: Unarmed           |    97 |   152 |   211 ||   460
         Punch             |     3 |     3 |    16 ||    22
  Throw: Throwing net      |     2 |       |     3 ||     5
    Use: Scroll            |     1 |    11 |     2 ||    14
         Potion            |       |     3 |     2 ||     5
   Stab: Sleeping          |       |     2 |     1 ||     3
         Held in net/web   |       |       |     3 ||     3
 Armour: Leather armour    |    19 |    30 |    53 ||   102
  Dodge: Dodged            |    65 |   122 |   145 ||   332
  Block: Other             |       |       |    19 ||    19
